Zazza, neutral female human Tourist ---------- #r.x.Sd..*| -------- --------- #|rr:SS.S.| |......| |.......| #|.F@d.d...###### |......| |.......-###### #|ikedf.f.| # #.*{.^..| |>......| # #|.rGeSS..| ###|......-# |......`| ### #|........| # #.......|# |.......| # #-|---.-.-- ### --------# |.......| ### ### #`# # # --|------ # ------- # ## # # # ###|.....| # ### # # ### #......| # ## # # # |.....| # ### # # # #-...(.| -----------# -|-.----# # -------.----- ###|.....| |=*====..$|# |......|#################|...........| # ------- |"=="==*=.-# |...{..|# # |...........| ### |======.=.| |......|# ##............| # ----------- |.......# |............##########` -------- ------------- Zazza the Rambler Experience level: 2 Strength: 10 Dexterity: 8 Constitution: 17 Intelligence: 11 Wisdom: 11 Charisma: 18 Health: 0(25) Energy: 5(5) Def: 0 Gold: 0 Moves: 2501 Dungeon seed: Hyzhl5piZxsGpKrF Game ID: Zazza_1599668350 Your Inventory: Weapons a - 35 +2 darts t - a +2 orcish dagger Armor y - a cursed -1 pair of gauntlets of fumbling (being worn) Comestibles b - 11 uncursed food rations c - an uncursed sprig of wolfsbane d - 5 cursed tripe rations f - 2 uncursed slime molds h - 3 uncursed candy bars u - 2 uncursed apples v - an uncursed partly eaten lichen corpse X - 2 cursed cloves of garlic Z - 2 cursed lembas wafers Tools l - an expensive camera (0:69) m - an uncursed credit card n - an uncursed blindfold Spells and supernatural/magical abilities: Name Level Category Fail Memory W - pray for help -- divine ? -- Your skills at the end: Fighting Skills Weapon Skills dart [Basic] Spellcasting Skills Final Attributes: You had strayed. You were fire resistant. You fumbled. You were unlucky. You are dead. Vanquished creatures: 2 shriekers 2 floating eyes a kitten a homunculus 2 iguanas 2 coyotes a hobbit a large kobold a hobgoblin 3 giant rats 2 red molds a gnome zombie 4 jackals a kobold a goblin a grid bug 4 lichens a kobold zombie 3 newts 34 creatures vanquished. Voluntary challenges: You never hit with a wielded weapon. You read items or engraved 7 times, starting on turn 606. You never genocided any monsters. You never polymorphed an object. You never changed form. You used no wishes. You never split a pudding. You wrote Elbereth's name 1 time, starting on turn 1552. You violated your moral code, losing 1 point of alignment, starting on turn 2356. Dungeon overview: The Dungeons of Doom: levels 1 to 5 Level 1 a long staircase Level 2 a fountain Level 3 Level 4 stairs to The Gnomish Mines Level 5 <- You were here a jewelry store, an altar to Offler, some fountains The Gnomish Mines: Level 5 stairs to The Dungeons of Doom History has recorded: On T:1 you entered the Dungeons of Doom to retrieve the Amulet of Yendor! On T:493 you reached level 2 of The Dungeons of Doom. On T:737 you reached level 3 of The Dungeons of Doom. On T:1193 you reached level 1 of The Gnomish Mines. On T:1388 you reached level 5 of The Dungeons of Doom. On T:2341 you advanced to experience level 2. Score breakdown: Gold: 0 ( 0 points) Experience: 2 levels ( 5570 points) Exploration: 5 levels ( 10.00%) ( 8571 points) Discoveries: 4 items ( 1.34%) ( 3475 points) Valuables value: (no points given unless you survive) Artifact value: 0 ( 0 points) Variety of kills: 19 monsters ( 4.99%) ( 6699 points) Turncount: 2501 turns ( -331 points) Survival: died (score multiplied by 80%) Total score: 19187 Latest messages: You drop 2 uncursed gray stones. Your movements are now unencumbered. P - a cursed scroll labeled ELAM EBOW. You displace Armand. You stumble. You make a lot of noise! Never mind. You displace Armand. As you read the scroll, it disappears. The homunculus bites! You are put to sleep! It bites! (2x) It hits! It bites! (6x) You wake up. You begin praying to The Lady. The sewer rat bites! The gnome wields a dagger! The garter snake bites Armand. (2x) The kobold hits! You die... Final status: Aloha Zazza the Tourist, killed by a kobold, while praying... You died in The Dungeons of Doom on dungeon level 5 with 19187 points, and 0 pieces of gold, after 2501 moves. You were level 2 with a maximum of 25 hit points when you died.